 Dungeon Crawl Stone Soup version 0.30-a0-570-g486de37d69 (webtiles) character file.

Game seed: 6691797373641811864

10104 M4edhros the Martial Artist (level 11, -8/75 HPs)
             Began as an Octopode Artificer on Dec 29, 2022.
             Was an Elder of Cheibriados.
             Killed from afar by an acid dragon (27 damage)
             ... with a splash of acid
             ... on level 10 of the Dungeon.
             The game lasted 00:16:14 (10512 turns).

M4edhros the Martial Artist (Octopode Artificer)   Turns: 10512, Time: 00:16:15

Health: -8/75      AC: -3    Str: 22    XL:     11   Next: 56%
Magic:  11/11      EV: 19    Int: 22    God:    Cheibriados [****..]
Gold:   135        SH:  0    Dex: 25    Spells: 10/10 levels left

rFire   . . .      SeeInvis .      - Unarmed
rCold   + . .      Faith    .    (no shield)
rNeg    . . .      Spirit   .    (helmet restricted)
rPois   +          Reflect  .    t - amulet of regeneration
rElec   .          Harm     .    m - ring of protection from cold
rCorr   .          Rampage  .    w - ring of poison resistance
Will    .....                    C - ring of wizardry
Stlth   ++++++                   (no ring)
HPRegen 1.12/turn                (no ring)
MPRegen 0.12/turn                (no ring)
                                 (no ring)
                                 (no ring)

@: corroded, very slow
A: almost no armour, amphibious, 8 rings, camouflage 1, gelatinous body 1,
(nimble swimmer 1), tentacles, MP-powered wands
a: Renounce Religion, Bend Time, Temporal Distortion, Slouch


You were on level 10 of the Dungeon.
You worshipped Cheibriados.
Cheibriados was greatly pleased with you.
You visited 2 branches of the dungeon, and saw 11 of its levels.
You also visited: Ossuary.

You collected 435 gold pieces.
You spent 300 gold pieces at shops.

Inventory:

Hand Weapons
 y - a +5 rapier of venom
Missiles
 o - 24 poisoned darts (quivered)
 v - 4 silver javelins
 A - 8 javelins
 E - 6 atropa-tipped darts
 L - a curare-tipped dart
Jewellery
 a - an amulet of guardian spirit
 c - an amulet of magic regeneration
 f - a ring of ice
 m - a ring of protection from cold (left tentacle)
 t - an amulet of regeneration (around mantle)
 w - a ring of poison resistance (right tentacle)
 C - a ring of wizardry (on tentacle)
Wands
 h - a wand of polymorph (3)
Scrolls
 d - a scroll of amnesia {unknown}
 e - 3 scrolls of blinking {unknown}
 i - 13 scrolls of identify {unknown}
 j - a scroll of silence {unknown}
 k - a scroll of fear {unknown}
 l - 12 scrolls of noise
 n - 3 scrolls of teleportation {unknown}
 q - 2 scrolls of butterflies {unknown}
 s - a scroll of brand weapon {unknown}
 x - 3 scrolls of poison {unknown}
 z - 2 scrolls of enchant weapon
 F - 3 scrolls of enchant armour {unknown}
 G - a scroll of magic mapping {unknown}
 I - 3 scrolls of vulnerability {unknown}
 J - 2 scrolls of acquirement {unknown}
 K - a scroll of immolation
Potions
 b - a potion of cancellation
 g - 14 potions of degeneration
 p - a potion of ambrosia
 r - 3 potions of heal wounds
 u - 2 potions of brilliance
 B - 5 potions of attraction {unknown}
 D - a potion of might
 M - 2 potions of curing


   Skills:
 + Level 7.4 Fighting
 + Level 7.6 Dodging
 + Level 10.4 Stealth
 * Level 10.5 Unarmed Combat
 + Level 8.7 Evocations


You had 10 spell levels left.
You didn't know any spells.
Your spell library contained the following spells:

 Spells                   Type           Power      Damage    Failure   Level
 Freeze                   Ice            0%         1d3       7%          1
 Magic Dart               Conj           0%         1d3       7%          1
 Shock                    Conj/Air       0%         1d3       7%          1
 Searing Ray              Conj           0%         2d4       11%         2
 Frozen Ramparts          Ice            0%         1d1       21%         3
 Hailstorm                Conj/Ice       0%         3d3       21%         3
 Inner Flame              Hex/Fire       0%         N/A       21%         3
 Swiftness                Air            0%         N/A       21%         3
 Airstrike                Air            0%         2d(0-16)  52%         4
 Cause Fear               Hex            0%         N/A       52%         4
 Fulminant Prism          Conj/Hex       0%         3d5       52%         4
 Summon Lightning Spire   Summ/Air       0%         N/A       52%         4
 Storm Form               Tmut/Air       0%         N/A       100%        7
 Discord                  Hex            0%         N/A       100%        8
 Maxwell's Capacitive Co  Air            0%         ∞         100%        8


Dungeon Overview and Level Annotations

Branches:
Dungeon (10/15)            Temple (1/1) D:7            Lair (0/5) D:8
Ossuary (visited)
    Orc: D:9-12

Altars:
Ashenzari
Cheibriados
Dithmenos
Elyvilon
Fedhas
Gozag
Hepliaklqana
Kikubaaqudgha
Makhleb
Nemelex Xobeh
Okawaru
Qazlal
Ru
Sif Muna
Trog
Uskayaw
Vehumet
Wu Jian
Xom
Yredelemnul
Zin
The Shining One

Shops:
D:9 *

Annotations:
D:8 1 runed translucent door, Heedrag's ghost, novice DsCj


Innate Abilities, Weirdness & Mutations

You cannot wear most types of armour.
You are amphibious.
You can wear up to eight rings at the same time.
Your skin changes colour to match your surroundings (Stealth+).
Your rubbery body absorbs attacks. (AC +1, EV +1)
((You are camouflaged when in or above water. (Stealth+)))
You have tentacles for arms and can constrict up to eight enemies at once.
You expend magic power (3 MP) to strengthen your wands.


Message History

The acid dragon barely misses you.
You tentacle-slap the acid dragon.
You squeeze the acid dragon, but do no damage.
The acid dragon is severely wounded.
You closely miss the acid dragon.
You squeeze the acid dragon, but do no damage.
The acid dragon is severely wounded.
The acid dragon completely misses you. The acid dragon claws you.
The orc completely misses you.
You barely miss the acid dragon.
The acid dragon is severely wounded.
The orc misses you. The acid dragon spits acid at you.
The splash of acid hits you!!
* * * LOW HITPOINT WARNING * * *
Okay, then.
You feel much better. The acid dragon spits acid at you.
The splash of acid hits you!!
* * * LOW HITPOINT WARNING * * *
The orc completely misses you.
You feel much better. The orc misses you. The acid dragon misses you.
The acid dragon closely misses you.
Activating: Slouch (63% risk of failure)
Press: ? - help, Dir - look around, f - activate You fail to use your ability.
The acid dragon misses you. The acid dragon closely misses you.
The orc hits you from afar with a +0 trident.
Activating: Slouch (63% risk of failure)
Press: ? - help, Dir - look around, f - activate You fail to use your ability.
The orc hits you from afar with a +0 trident!
* * * LOW HITPOINT WARNING * * *
The acid dragon completely misses you. The acid dragon closely misses you.
Activating: Slouch (63% risk of failure)
Press: ? - help, Dir - look around, f - activate You fail to use your ability.
The acid dragon spits acid at you. The splash of acid hits you!!
You die... ##. #.. #.# #.# .oo

#o# #D# ##
#@##.##
#.#...####
#........+
#.....####
##.#.##
#####.#####
#.........#
#.###.###....
#.# #.# ##


You could see an acid dragon (catching breath), an orc wizard and 2 orcs.

Vanquished Creatures
  Erolcha (D:9)
  Erica (D:9)
  A two-headed ogre (D:9)
  2 ugly things (D:8)
  Joseph (D:9)
  2 gargoyles (D:8)
  A komodo dragon (shapeshifter) (D:8)
  A troll (D:9)
  Prince Ribbit (D:7)
  A slime creature (D:8)
  A wraith (D:9)
  7 yaks
  3 wyverns (D:8)
  A steam dragon (D:9)
  Duvessa (D:4)
  7 water moccasins
  4 ice beasts
  2 black bears
  2 orc warriors (D:9)
  2 sky beasts (D:6)
  A centaur (D:7)
  An ogre (D:3)
  2 kobold brigands (D:8)
  2 bullfrogs
  A necrophage (D:5)
  3 scorpions
  7 wights
  Dowan (D:4)
  2 jellies
  6 hounds
  2 orc priests
  A centaur zombie (Ossuary)
  2 human zombies (Ossuary)
  A gnoll bouda (D:4)
  Ijyb (D:4)
  4 iguanas
  6 orc wizards
  5 mummies
  5 gnolls
  8 adders
  2 shadow imps (D:7)
  3 white imps
  An ufetubus (D:5)
  3 dart slugs
  24 orcs
  5 bats
  7 endoplasms
  6 giant cockroaches
  A gnoll zombie (Ossuary)
  6 goblins
  8 hobgoblins
  7 quokkas
  7 ball pythons
  5 frilled lizards (D:1)
  3 goblin zombies
  A hobgoblin zombie (Ossuary)
  8 kobolds
  2 kobold zombies (Ossuary)
  4 rats
206 creatures vanquished.

Vanquished Creatures (collateral kills)
  A hornet (D:7)
  A scorpion (D:4)
  3 gnolls (D:4)
5 creatures vanquished.

Vanquished Creatures (others)
  A yak (D:8)
  A wyvern (D:8)
  A sky beast (D:6)
  A hound (D:4)
  4 fungi (D:8)
  15 plants (D:8)
23 creatures vanquished.

Grand Total: 234 creatures vanquished

Notes
Turn   | Place    | Note
-------+----------+-------------------------------------------
     0 | D:1      | M4edhros the Octopode Artificer began the quest for the
                  | Orb.
     0 | D:1      | Reached XP level 1. HP: 13/13 MP: 1/1
   102 | D:3      | Reached skill level 1 in Unarmed Combat
   102 | D:3      | Reached XP level 2. HP: 14/18 MP: 2/2
   137 | D:4      | Noticed Ijyb
   141 | D:4      | Killed Ijyb
   142 | D:4      | Reached XP level 3. HP: 3/23 MP: 0/3
   159 | D:4      | Reached XP level 4. HP: 8/29 MP: 1/4
   503 | D:4      | Reached XP level 5. HP: 34/34 MP: 3/5
   609 | D:4      | Noticed Dowan
   610 | D:4      | Noticed Duvessa
   613 | D:4      | Killed Dowan
   616 | D:4      | Killed Duvessa
   617 | D:4      | Reached XP level 6. HP: 33/41 MP: 4/6
   715 | D:5      | Entered Level 5 of the Dungeon
   779 | D:5      | Reached XP level 7. HP: 31/45 MP: 7/7
   967 | D:6      | Found a sand-covered staircase.
  1011 | Ossuary  | Entered an ossuary
  1191 | Ossuary  | Gained mutation: You have hidden genetic defects. [potion
                  | of mutation]
  1191 | Ossuary  | Gained mutation: You are partially covered in iridescent
                  | scales. (AC +2) [potion of mutation]
  1270 | Ossuary  | Lost mutation: You have hidden genetic defects. [potion of
                  | mutation]
  1270 | Ossuary  | Lost mutation: You are partially covered in iridescent
                  | scales. (AC +2) [potion of mutation]
  1270 | Ossuary  | Gained mutation: You have supernaturally acute eyesight.
                  | (SInv) [potion of mutation]
  1270 | Ossuary  | Gained mutation: You are somewhat resistant to further
                  | mutation. [potion of mutation]
  1271 | Ossuary  | Lost mutation: You are somewhat resistant to further
                  | mutation. [potion of mutation]
  1271 | Ossuary  | Lost mutation: You have supernaturally acute eyesight.
                  | (SInv) [potion of mutation]
  1271 | Ossuary  | Gained mutation: Your magical capacity is low. (-10% MP)
                  | [potion of mutation]
  1271 | Ossuary  | Gained mutation: One of your tentacles bears a spike.
                  | [potion of mutation]
  1271 | Ossuary  | Gained mutation: You have hidden genetic potential. [potion
                  | of mutation]
  1384 | Ossuary  | Lost mutation: Your magical capacity is low. (-10% MP)
                  | [potion of mutation]
  1384 | Ossuary  | Lost mutation: You have hidden genetic potential. [potion
                  | of mutation]
  1384 | Ossuary  | Gained mutation: Your magical capacity is low. (-10% MP)
                  | [potion of mutation]
  1385 | Ossuary  | Lost mutation: Your magical capacity is low. (-10% MP)
                  | [potion of mutation]
  1385 | Ossuary  | Lost mutation: One of your tentacles bears a spike. [potion
                  | of mutation]
  1385 | Ossuary  | Gained mutation: Your magical capacity is low. (-10% MP)
                  | [potion of mutation]
  1385 | Ossuary  | Gained mutation: You expend magic power (3 MP) to
                  | strengthen your wands. [potion of mutation]
  1385 | Ossuary  | Lost mutation: Your magical capacity is low. (-10% MP)
                  | [potion of mutation]
  1599 | D:6      | Reached skill level 5 in Stealth
  1599 | D:6      | Reached skill level 5 in Evocations
  1726 | D:6      | Reached skill level 5 in Unarmed Combat
  1726 | D:6      | Reached XP level 8. HP: 42/52 MP: 5/8
  1881 | D:7      | Found a staircase to the Ecumenical Temple.
  1890 | Temple   | Entered the Ecumenical Temple
  1923 | D:7      | Noticed a hornet
  1939 | D:7      | Killed a hornet
  2697 | D:5      | Reached XP level 9. HP: 55/59 MP: 9/9
  2704 | D:5      | Reached skill level 5 in Dodging
  3645 | D:3      | Found a bloodstained altar of Trog.
  3648 | D:3      | Found a faded altar of an unknown god.
  3721 | D:3      | Found a snail-covered altar of Cheibriados.
  3744 | D:3      | Became a worshipper of Cheibriados the Contemplative
  4161 | D:1      | Reached * piety under Cheibriados
  4650 | D:2      | Reached ** piety under Cheibriados
  5137 | D:3      | Identified the +2 ring mail of the Amoeba {Str+5}
  5617 | D:6      | Found a shimmering altar of Xom.
  6058 | D:6      | Reached skill level 5 in Fighting
  6732 | D:7      | Noticed Prince Ribbit
  6745 | D:7      | Killed Prince Ribbit
  7284 | D:8      | Found a staircase to the Lair.
  7303 | D:8      | Reached XP level 10. HP: 9/67 MP: 0/10
  7491 | D:8      | Reached *** piety under Cheibriados
  7911 | D:8      | Found a radiant altar of Vehumet.
  8137 | D:8      | Noticed Heedrag's ghost (novice DsCj)
  8139 | D:8      | Found a runed translucent door.
  8449 | D:8      | Noticed a red ugly thing
  8453 | D:8      | Killed a red ugly thing
  8574 | D:8      | Noticed a cyan ugly thing
  8581 | D:8      | Killed a cyan ugly thing
  9002 | D:8      | Noticed a cyclops
  9002 | D:8      | Noticed a gargoyle
  9003 | D:8      | Noticed a gargoyle
  9017 | D:8      | Killed a gargoyle
  9037 | D:8      | Killed a gargoyle
  9038 | D:8      | Reached XP level 11. HP: 25/74 MP: 3/11
  9254 | D:9      | Noticed a two-headed ogre
  9261 | D:9      | Killed a two-headed ogre
  9433 | D:9      | Reached **** piety under Cheibriados
  9727 | D:9      | Found a white marble altar of Elyvilon.
 10083 | D:9      | Reached skill level 10 in Stealth
 10083 | D:9      | Reached skill level 10 in Unarmed Combat
 10129 | D:9      | Noticed Joseph
 10137 | D:9      | Killed Joseph
 10138 | D:9      | Noticed Erica
 10149 | D:9      | Killed Erica
 10407 | D:9      | Noticed Erolcha
 10421 | D:9      | Killed Erolcha
 10433 | D:9      | Found Zulirph's Assorted Antiques.
 10436 | D:9      | Bought a scroll labelled GIOGA HEGRINK for 25 gold pieces
 10436 | D:9      | Bought a scroll labelled VEPLEA TOCU for 25 gold pieces
 10436 | D:9      | Bought a long fluorescent wand for 100 gold pieces
 10436 | D:9      | Bought a scroll labelled CASEIGYCUM for 25 gold pieces
 10436 | D:9      | Bought a runed emerald amulet for 125 gold pieces
 10483 | D:10     | Entered Level 10 of the Dungeon
 10508 | D:10     | HP: 3/75 [acid dragon/splash of acid (35)]
 10512 | D:10     | Killed from afar by an acid dragon

Illustrated notes

Levels and vault maps discovered:
D:1:      minmay_arrival_hallway, layout_loops_ring, supply_closet_lemuel
D:2:      layout_loops_cross
D:3:      layout_loops_ring, nicolae_overflow_ecumenical_swirl,
          mainiacjoe_overflow_paths, grunt_ministairs_9
D:4:      minmay_general_purpose_star, layout_cave_pods, uniq_duvessa, uniq_ijyb
D:5:      layout_basic, kennysheep_small_spiral
D:6:      layout_layer_cave, tgw_xom, nicolae_ossuary_entry_giza
D:7:      layout_gridville, minmay_temple_entry_antechambers,
          uniq_prince_ribbit1
D:8:      layout_rooms, vehumet_crystals, minmay_lair_entry_grove,
          hellmonk_ghost_big_iron, minmay_shattered_shrine
D:9:      layout_irregular_city, kennysheep_little_box, serial_shops,
          kennysheep_mini, uniq_erolcha, uniq_joseph, uniq_erica
D:10:     minmay_recursive_quarters, layout_loops_corners
Temple:   sentei_temple_godly_chess

Skill      XL: |  1  2  3  4  5  6  7  8  9 10 11 |
---------------+----------------------------------+-----
Unarmed Combat | 1 2 3 5 6 8 9 10 | 10.5
Stealth        | 2 3 4 5 6 8 9 10 | 10.4
Fighting       | 2 3 4 5 6 7 |  7.4
Dodging        | 3 4 5 7 |  7.6
Evocations     | 4 5 7 8 |  8.7

Action                   |  1- 3 |  4- 6 |  7- 9 | 10-12 || total
-------------------------+-------+-------+-------+-------++-------
Melee: Unarmed           |    12 |    41 |   317 |   159 ||   529
       Tentacles         |     1 |    12 |    82 |    45 ||   140
       Constrict         |     1 |     8 |    71 |    26 ||   106
       Kick              |       |       |     8 |       ||     8
       Punch             |       |       |    18 |    20 ||    38
Throw: Dart              |       |       |     6 |       ||     6
Invok: Slouch            |       |       |       |     1 ||     1
Evoke: Wand              |     9 |    11 |    20 |    15 ||    55
  Use: Potion            |       |     2 |    10 |    13 ||    25
       Scroll            |       |       |     1 |       ||     1
 Stab: Sleeping          |     1 |     2 |    39 |     5 ||    47
       Distracted        |       |       |     1 |       ||     1
       Invisible         |       |       |       |     3 ||     3
Armor: Skin              |       |     2 |    14 |     5 ||    21
Dodge: Dodged            |     7 |    33 |   231 |   126 ||   397

Table legend: (Time is in decaauts)
 A = Elapsed time spent in this place.
 B = Non-inter-level travel time spent in this place.
 C = Inter-level travel time spent in this place.
 D = Time resting spent in this place.
 E = Time spent auto-exploring this place.
 F = Levels seen in this place.
 G = Mean time per level.
                   A        B        C        D        E       F      G
               +--------+--------+--------+--------+--------+-----+--------+
         Total |  12430 |  11577 |    853 |   1102 |   8242 |  12 | 1035.8 |
       Dungeon |  12023 |  11175 |    848 |   1102 |   7971 |  10 | 1202.3 |
        Temple |      9 |      4 |      5 |      0 |      0 |   1 |    9.0 |
       Ossuary |    397 |    397 |      0 |      0 |    271 |   1 |  397.0 |
               +--------+--------+--------+--------+--------+-----+--------+

Top non-repeatable levels by time:
     D:8: 2051 daAuts
     D:6: 1986 daAuts
     D:7: 1663 daAuts
     D:9: 1545 daAuts
     D:4: 1254 daAuts
     D:3: 1050 daAuts
     D:2: 873 daAuts
     D:5: 834 daAuts
     D:1: 723 daAuts
 Ossuary: 397 daAuts
    D:10: 39 daAuts
  Temple: 9 daAuts
